 Dungeon Crawl Stone Soup version 0.31.0-32-g396128a36d (webtiles) character file.

Game seed: 15920809066650814721

51 TacoSundae the Changeling (level 3, -2/26 HPs)
             Began as a Merfolk Shapeshifter on Apr 10, 2024.
             Slain by a gnoll
             ... wielding a +0 flail
              (9 damage)
             ... on level 2 of the Dungeon.
             The game lasted 00:02:14 (808 turns).

TacoSundae the Changeling (Merfolk Shapeshifter)     Turns: 808, Time: 00:02:15

Health: -2/26      AC:  2    Str: 16    XL:     3   Next: 81%
Magic:  3/3        EV: 12    Int:  9    God:
Gold:   60         SH:  0    Dex: 13    Spells: 2/2 levels left

rFire   . .          .
                       - Unarmed
rCold   . . .        (no shield)
rNeg    . . .        a - +0 animal skin
rPois   +            (helmet currently unavailable)
rElec   .            (cloak currently unavailable)
rCorr   .            (gloves currently unavailable)
SInv    .            (boots currently unavailable)
Will    .....        (no amulet)
Stlth   +            f - ring of poison resistance
HPRegen 0.24/turn    (no ring)
MPRegen 0.08/turn

%: no passive effects
@: beast-form
A: beast (slay +2), (nimble swimmer 2), mertail
a: Begin Untransformation


You were on level 2 of the Dungeon.
You were a hulking beast.
You visited 1 branch of the dungeon, and saw 2 of its levels.

You collected 60 gold pieces.

Inventory:

Armour
 a - a +0 animal skin (worn)
Jewellery
 f - a ring of poison resistance (left hand)
Talismans
 c - a beast talisman
 d - a flux talisman
Scrolls
 e - 3 scrolls of identify {unknown}
Potions
 b - 2 potions of lignification


   Skills:
 - Level 1.1 Fighting
 - Level 2.6 Dodging
 + Level 4.3 Unarmed Combat
 + Level 5.0 Shapeshifting


You had 2 spell levels left.
You didn't know any spells.
Your spell library was empty.

Dungeon Overview and Level Annotations

Branches:
Dungeon (2/15)

Altars:

Shops:
D:1 !


Innate Abilities, Weirdness & Mutations

You are a hulking beast.
Your limbs bulge with bestial killing power. (Slay +2)
((You are very nimble when in or above water. (Stealth+, EV+, Speed+++)))
Your lower body shifts to a powerful aquatic tail in water.


Message History

2 gnolls come into view.
Found a maw talisman.
The gnoll shouts! x2; You hear a shout! x2
A gnoll comes into view. It is wielding a +0 flail.
You swing at nothing.
You swing at nothing.
A gnoll comes into view.
It is wielding a +0 halberd and quivering 2 throwing nets.
You barely miss the gnoll. The gnoll misses you.
You barely miss the gnoll. You punch the gnoll.
The gnoll is lightly wounded.
The gnoll hits you with a +0 club!
You barely miss the gnoll.
The gnoll is lightly wounded.
The gnoll barely misses you.
You punch the gnoll!
The gnoll is severely wounded.
The gnoll hits you with a +0 club.
You closely miss the gnoll.
The gnoll is severely wounded.
The gnoll hits you with a +0 club.
You hit the gnoll.
You kill the gnoll!
You hit the gnoll.
The gnoll is moderately wounded.
The gnoll closely misses you.
You hit the gnoll.
The gnoll is almost dead.
You hit the gnoll.
You kill the gnoll!
Your Shapeshifting skill increases to level 5!
The gnoll attacks as it pursues you! The gnoll barely misses you.
The gnoll attacks as it pursues you! The gnoll closely misses you.
The gnoll attacks as it pursues you!
The gnoll hits you from afar with a +0 halberd!
* * * LOW HITPOINT WARNING * * *
You see here a dart slug corpse.
The gnoll attacks as it pursues you! The gnoll barely misses you.
The gnoll attacks as it pursues you! The gnoll misses you.
The gnoll attacks as it pursues you! The gnoll hits you with a +0 flail!
You die...

.. ♣. ♣♣~~ ♣~.♣♣
♣~~~♣ ♣P~.♣
♣♣♣#######
~♣♣♣~.~♣♣♣~♣....h.#
.~.~.~~~.~~..####g#
♣P♣♣~~..♣♣♣.## #.#
♣~.P♣♣ ♣♣# #g# ♣P~P♣
#†# ♣♣~P♣ #######.##
♣♣~~♣ .........#
###♣..♣♣....#####..#
).<......# ###..#


You could see 2 gnolls.

Vanquished Creatures
  2 gnolls (D:2)
  2 dart slugs
  4 endoplasms (D:1)
  A giant cockroach (D:1)
  5 hobgoblins (D:1)
  2 jackals (D:1)
  4 kobolds (D:1)
  3 bats (D:1)
  A frilled lizard (D:1)
  2 goblins
26 creatures vanquished.

Notes
Turn   | Place    | Note
-------+----------+-------------------------------------------
     0 | D:1      | TacoSundae the Merfolk Shapeshifter began the quest for the
                  | Orb.
     0 | D:1      | Reached XP level 1. HP: 15/15 MP: 1/1
   180 | D:1      | Found Jerodual's Distillery.
   253 | D:1      | Reached XP level 2. HP: 17/21 MP: 2/2
   461 | D:1      | Reached XP level 3. HP: 23/26 MP: 3/3
   799 | D:2      | Reached skill level 5 in Shapeshifting
   808 | D:2      | Slain by a gnoll

Illustrated notes

Levels and vault maps discovered:
D:1:      beargit_arrival_diablo_church, layout_basic, serial_shops,
          nicolae_shop_tiny_statue_garden
D:2:      layout_loops_ring, serial_bayou, serial_bayou_lagoon_a,
          serial_bayou_crossing, serial_bayou_pond_d, serial_bayou_pond_a

Skill      XL: |  1  2  3 |
---------------+----------+-----
Unarmed Combat | 4 |  4.3
Shapeshifting  | 5 |  5.0
Fighting       | |  1.1
Dodging        | |  2.6

Action                     || total
---------------------------++-------
  Melee: Unarmed           ||    79
         Punch             ||     2
   Stab: Sleeping          ||     1
 Armour: Animal skin       ||    38
  Dodge: Dodged            ||    42
